AoeStats
← TheQuietRiot

Acropolis

503471059Analyzed
1v1 RM · 1mo ago on Aug 31, 2026· 57m 48s· 2 players
Game mode
Random Map
Map size
Tiny (2 player)
Population
200
Speed
Normal
Resources
Standard
Victory
Conquest
Starting age
Dark Age
Ending age
Imperial Age
RankedLock teamsTeams togetherTeam positionsShared explorationLock speedFull tech treeHidden civsTurbo modeCheats
Victory
Defeat
🇬🇧 Britons · United Kingdom
917
+14
🇩🇪 Franks · Germany
865
-14
bjoern4tel
10:24 Feudal Age
10:43 Loom
12:23 Double-Bit Axe
27:07 Castle Age
27:37 Scale Barding Armor
32:09 Bow Saw
34:11 Chain Barding Armor
40:01 Imperial Age
41:10 Husbandry
41:51 Cavalier
44:22 Wheelbarrow
47:25 Conscription
48:08 Hand Cart
47:34 Onager
48:54 Light Cavalry
49:48 Forging
51:38 Town Watch
54:33 Elite Skirmisher
56:49 Ballistics
57:42 Chemistry
57:37 Fletching
TheQuietRiot
11:12 Feudal Age
9:30 Loom
12:12 Double-Bit Axe
15:07 Fletching
19:53 Horse Collar
22:36 Wheelbarrow
25:43 Castle Age
25:27 Wheelbarrow
27:01 Crossbowman
27:57 Bodkin Arrow
28:59 Hand Cart
28:45 Gold Mining
29:02 Stone Mining
29:15 Town Watch
30:18 Bow Saw
30:35 Padded Archer Armor
33:25 Heavy Plow
39:11 Imperial Age
40:39 Ballistics
41:28 Bracer
41:44 Leather Archer Armor
41:40 Forging
41:30 Scale Mail Armor
41:11 Arbalester
42:52 Yeomen
44:08 Ring Archer Armor
44:39 Gold Shaft Mining
52:16 Elite Longbowman
54:25 Light Cavalry
55:28 Chain Mail Armor
55:49 Iron Casting
56:50 Husbandry
Connection lost

Rejoining the realm…

Still unreachable

The connection could not be restored.

Session expired

The server has moved on; the page needs a fresh start.